 Dungeon Crawl Stone Soup version 0.24-a0-463-g3510def (webtiles) character file.

Game seed: 15658510059312801072

64 silenth the Cudgeler (level 4, -4/36 HPs)
             Began as a Human Berserker on July 3, 2019.
             Was a Believer of Trog.
             Slain by a gnoll
             ... wielding a +0 flail
              (5 damage)
             ... on level 2 of the Dungeon.
             The game lasted 00:01:36 (1107 turns).

silenth the Cudgeler (Human Berserker)              Turns: 1107, Time: 00:01:37

Health: -4/36      AC:  5    Str: 17    XL:     4   Next: 32%
Magic:  13/13      EV: 11    Int:  7    God:    Trog [**....]
Gold:   132        SH:  0    Dex: 14    Spells: 3/3 levels left

rFire    + . .     SeeInvis .   a - +0 mace
rCold    . . .     Gourm    .   (no shield)
rNeg     . . .     Faith    .   m - +0 ring mail
rPois    .         Spirit   .   (no helmet)
rElec    .         Reflect  .   (no cloak)
rCorr    .         Harm     .   (no gloves)
MR       .....                  (no boots)
Stlth    +.........             (no amulet)
HPRegen  0.12/turn              j - ring of magical power
MPRegen  0.13/turn              c - ring of protection from fire

@: berserk cooldown
A: no striking features
a: Berserk, Trog's Hand, Renounce Religion


You were on level 2 of the Dungeon.
You worshipped Trog.
Trog was pleased with you.
You were near starving.

You visited 1 branch of the dungeon, and saw 2 of its levels.

You collected 132 gold pieces.

Inventory:

Hand Weapons
 a - a +0 mace (weapon)
Armour
 b - a +0 animal skin
 m - a +0 ring mail (worn)
Jewellery
 c - a ring of protection from fire (right hand)
 j - a ring of magical power (left hand)
Scrolls
 d - a scroll of teleportation {unknown}
 f - a scroll of blinking {unknown}
 g - 2 scrolls of remove curse {unknown}
 i - a scroll of noise {unknown}
 k - a scroll of amnesia {unknown}
 l - a scroll of identify {unknown}
 n - a scroll of magic mapping {unknown}
Potions
 h - 3 potions of curing {unknown}
Comestibles
 e - 5 rations


   Skills:
 + Level 3.6 Fighting
 * Level 4.3 Maces & Flails
 - Level 2.0 Armour
 - Level 2.0 Dodging


You had 3 spell levels left.
You didn't know any spells.
Your spell library was empty.

Dungeon Overview and Level Annotations

Branches:
Dungeon (2/15)

Altars:
Qazlal


Message History

The adder bites you.
The gnoll hits you from afar with a +0 spear!
The adder bites you but does no damage.
The gnoll hits you from afar with a +0 spear!
* * * LOW HITPOINT WARNING * * *
The gnoll barely misses you. The adder bites you but does no damage.
You hit the adder.
The adder is moderately wounded.
The gnoll hits you but does no damage. The adder bites you.
* * * LOW HITPOINT WARNING * * *
The gnoll hits you with a +0 flail.
* * * LOW HITPOINT WARNING * * *
The gnoll hits you from afar with a +0 spear.
* * * LOW HITPOINT WARNING * * *
The adder closely misses you.
You hit the adder.
The adder is severely wounded.
You feel yourself speed up. The gnoll hits you with a +0 flail.
You die...

#.##.# .# ##...##...#
#.##.##.## ##.....#....
......)..# ##...........
..#.†....###............
...........'<...........
.........###...........#
.........# #....Z...#..
.........# #...gg...%.
###.###### ##.@.#...##
#.# ##S## ## #.# #.# #.#
#.# #.# ######.## #.#
#...#...## #.#
###.#......# #.#
#...#.....##
#.#####.#####..##


You could see 2 gnolls, an adder and a bullfrog zombie.

Vanquished Creatures
  Terence (D:2)
  A gnoll (D:2)
  A dart slug (D:1)
  A leopard gecko (D:1)
  3 ball pythons (D:1)
  3 bats (D:1)
  2 goblins (D:1)
  3 hobgoblins (D:1)
  2 kobolds
  5 frilled lizards
  4 rats
26 creatures vanquished.

Vanquished Creatures (others)
  4 toadstools (D:1)
4 creatures vanquished.

Grand Total: 30 creatures vanquished

Notes
Turn   | Place    | Note
-------+----------+-------------------------------------------
     0 | D:1      | silenth the Human Berserker began the quest for the Orb.
     0 | D:1      | Reached XP level 1. HP: 18/18 MP: 1/1
   117 | D:1      | Found a stormy altar of Qazlal.
   141 | D:1      | Reached XP level 2. HP: 20/24 MP: 2/2
   624 | D:1      | Reached XP level 3. HP: 25/29 MP: 3/3
   898 | D:2      | Noticed Terence
   926 | D:2      | Killed Terence
   926 | D:2      | Reached skill level 4 in Maces & Flails
   926 | D:2      | Reached XP level 4. HP: 21/35 MP: 4/4
   929 | D:2      | Reached ** piety under Trog
  1106 | D:2      | HP: 1/36 [gnoll/+0 spear (3)]
  1107 | D:2      | Slain by a gnoll

Levels and vault maps discovered:
D:1:      ldierk_walled_garden_2, layout_loops_ring, minmay_hexomino_r4
D:2:      layout_loops_corners, minmay_misc_feat_more_columns, elyvilon_altar_5,
          uniq_terence

Skill      XL: |  1  2  3 |
---------------+----------+-----
Maces & Flails | 4 |  4.3
Fighting       | |  3.6
Armour         | |  2.0
Dodging        | |  2.0

Action                   |  1- 3 |  4- 6 || total
-------------------------+-------+-------++-------
Melee: Mace              |    62 |    20 ||    82
Invok: Berserk           |     1 |     1 ||     2
 Stab: Sleeping          |     1 |       ||     1
  Eat: Chunk             |       |     1 ||     1
Armor: Animal skin       |    12 |       ||    12
       Ring mail         |       |     6 ||     6
Dodge: Dodged            |    51 |    12 ||    63

Table legend:
 A = Non-vault XP
 B = Vault XP
 C = Vault XP percentage of total XP
 D = Non-vault monster count
 E = Vault monster count
 F = Vault count percentage of total count
                 A         B        C        D         E       F
            +---------+---------+-------+---------+---------+-------
      Total |      51 |      41 |  44.6 |      22 |       4 |  15.4
            +---------+---------+-------+---------+---------+-------
        D:1 |      31 |       5 |  13.9 |      17 |       3 |  15.0
        D:2 |      20 |      36 |  64.3 |       5 |       1 |  16.7
            +---------+---------+-------+---------+---------+-------
